 Dungeon Crawl Stone Soup version 0.25.1-1-g288607f (webtiles) character file.

Game seed: 16826037479142775914

595 araganzar the Cleaver (level 7, -4/57 HPs)
             Began as a Minotaur Abyssal Knight on Dec 1, 2020.
             Was a Priest of Lugonu.
             Succumbed to poison (poison gas)
             ... on level 4 of the Dungeon.
             The game lasted 00:05:55 (4165 turns).

araganzar the Cleaver (Minotaur Abyssal Knight)     Turns: 4165, Time: 00:05:56

Health: -4/57      AC:  9    Str: 18    XL:     7   Next: 16%
Magic:  7/7        EV:  7    Int:  9    God:    Lugonu [***...]
Gold:   183        SH:  0    Dex: 10    Spells: 6/6 levels left

rFire    . . .     SeeInvis .   z - +5 flail (venom)
rCold    . . .     Gourm    .   (no shield)
rNeg     . . .     Faith    .   e - +0 chain mail
rPois    .         Spirit   .   (helmet restricted)
rElec    .         Reflect  .   (no cloak)
rCorr    .         Harm     .   (no gloves)
MR       .....                  r - +0 pair of boots
Stlth    ..........             (no amulet)
HPRegen  0.19/turn              (no ring)
MPRegen  0.10/turn              (no ring)

@: lethally poisoned (-4 -> -68), hasted, very quick
A: retaliatory headbutt, horns 2
a: Depart the Abyss, Bend Space, Banish, Renounce Religion


You were on level 4 of the Dungeon.
You worshipped Lugonu.
Lugonu was most pleased with you.
You were not hungry.

You visited 1 branch of the dungeon, and saw 4 of its levels.
You visited the Abyss 1 time.

You collected 183 gold pieces.


Innate Abilities, Weirdness & Mutations

You reflexively headbutt those who attack you in melee.
You have a pair of horns on your head.


   Skills:
 - Level 3.6 Fighting
 + Level 9.5 Axes
 - Level 2.4 Armour
 - Level 1.1 Dodging
 - Level 1.7 Invocations


You had 6 spell levels left.
You didn't know any spells.
Your spell library was empty.

Inventory:

Hand Weapons
 a - a +1 hand axe
 g - a +0 battleaxe
   (You found it on level 2 of the Dungeon)
 v - a +0 war axe
   (You took it off an orc on level 3 of the Dungeon)
 w - a +1 hand axe of electrocution
   (You took it off an orc on level 3 of the Dungeon)
 z - a +5 flail of venom (weapon)
   (You took it off Edmund on level 4 of the Dungeon)
Missiles
 f - 28 poisoned darts
 l - 7 javelins (quivered)
Armour
 b - a +0 leather armour
 e - a +0 chain mail (worn)
   (You found it on level 1 of the Abyss)
 n - a scarf of harm
   (You found it on level 1 of the Dungeon)
 r - a +0 pair of boots (worn)
   (You found it on level 1 of the Dungeon)
Scrolls
 i - a scroll of blinking {unknown}
 j - 7 scrolls of identify {unknown}
 k - a scroll of noise {unknown}
 m - 5 scrolls of remove curse {unknown}
 p - a scroll of enchant weapon {unknown}
 t - 2 scrolls of fog {unknown}
 y - a scroll of random uselessness {unknown}
Potions
 d - 2 potions of curing {unknown}
 h - a potion of berserk rage {unknown}
 o - a potion of haste
 q - a potion of heal wounds {unknown}
 s - a potion of flight {unknown}
 u - 2 potions of cancellation {unknown}
 x - a potion of lignification {unknown}
Comestibles
 c - 8 rations

####
####.##.####
##...## #§§§###
###..### ###§§@#
##..###
####§§###.......
..#######....##
#...... .##
##.......#
#.....
..###.......##
.....
..#.........#
....
#.#........##
... ###.....>.##
... .#........#


There were no monsters in sight!


Message History

You are more poisoned.
You feel very sick. Ijyb hits you but does no damage.
You take 14 damage, and have 20/57 hp.
MASSIVE DAMAGE!!
Unknown command.
Unknown command.
You hit Ijyb.
You kill Ijyb!
Lugonu accepts your kill.
You can now banish your foes.
You are engulfed in poison gas.
You are more poisoned.
* * * LOW HITPOINT WARNING * * *
x2 You feel extremely sick.
You take 15 damage, and have 5/57 hp.
MASSIVE DAMAGE!!
Unknown command.
Unknown command.
Unknown command.
* * * LOW HITPOINT WARNING * * *
You feel very sick.
Things that are here:
a +0 leather armour; a wand of clouds (6); the goblin corpse of Ijyb You take 4 damage, and have 1/57 hp.
Unknown command.
Unknown command.
Unknown command.
It was a potion of haste.
You feel yourself speed up.
You die...

Action                   |  1- 3 |  4- 6 |  7- 9 || total
-------------------------+-------+-------+-------++-------
Melee: Battleaxe         |   113 |    28 |       ||   141
       Headbutt          |    19 |    18 |     3 ||    40
       Hand axe          |       |    67 |       ||    67
       Flail             |       |       |    10 ||    10
Throw: Javelin           |       |     3 |       ||     3
Invok: Depart the Abyss  |     1 |       |       ||     1
  Use: Potion            |       |       |     1 ||     1
  Eat: Chunk             |     3 |     5 |     2 ||    10
Armor: Chain mail        |   102 |    72 |     4 ||   178
Dodge: Dodged            |    71 |    32 |     2 ||   105

Levels and vault maps discovered:
D:1:      psy_arrival_wood_between_worlds, layout_basic
D:2:      minmay_evil_eye, layout_basic, minmay_pentomino_s2
D:3:      layout_basic, lemuel_zombie_altar_yredelemnul, kennysheep_slug_shrine,
          chequers_ecumenical_altar_simple, first_ration, roderic_lattice_a,
          uniq_sigmund
D:4:      layout_cave_pods, lemuel_round_altar, uniq_ijyb, uniq_edmund,
          uniq_grinder

Notes
Turn   | Place    | Note
-------+----------+-------------------------------------------
     0 | Abyss:1  | araganzar the Minotaur Abyssal Knight began the quest for
                  | the Orb.
     0 | Abyss:1  | Reached XP level 1. HP: 19/19 MP: 1/1
    52 | Abyss:1  | Found a corrupted altar of Lugonu.
    84 | Abyss:1  | Found a corrupted altar of Lugonu.
   248 | Abyss:1  | Noticed an ancient zyme
   275 | Abyss:1  | Noticed a tentacled starspawn
   279 | D:1      | Escaped the Abyss
   310 | D:1      | You fall into a shaft and drop 1 floor!
   415 | D:1      | Reached skill level 3 in Axes
   430 | D:1      | Reached XP level 2. HP: 15/26 MP: 2/2
   606 | D:1      | Reached * piety under Lugonu
   785 | D:1      | Reached skill level 4 in Axes
   935 | D:1      | Reached XP level 3. HP: 23/31 MP: 3/3
  1561 | D:2      | Reached skill level 5 in Axes
  1712 | D:2      | Reached ** piety under Lugonu
  1810 | D:2      | Reached XP level 4. HP: 39/39 MP: 4/4
  2464 | D:3      | Reached skill level 6 in Axes
  2530 | D:3      | Found a snail-covered altar of Cheibriados.
  2609 | D:3      | Found a basalt altar of Yredelemnul.
  2643 | D:3      | Reached XP level 5. HP: 45/45 MP: 5/5
  2855 | D:3      | Reached skill level 7 in Axes
  3000 | D:3      | Found a faded altar of an unknown god.
  3282 | D:3      | Noticed Sigmund
  3660 | D:4      | Noticed Grinder
  3674 | D:4      | Killed Grinder
  3674 | D:4      | Reached skill level 8 in Axes
  3674 | D:4      | Reached XP level 6. HP: 32/51 MP: 6/6
  3810 | D:4      | Noticed Edmund
  3817 | D:4      | Killed Edmund
  3817 | D:4      | Reached skill level 9 in Axes
  3817 | D:4      | Reached XP level 7. HP: 43/57 MP: 7/7
  3995 | D:4      | Found a blossoming altar of Fedhas.
  4155 | D:4      | Noticed Ijyb
  4163 | D:4      | Killed Ijyb
  4163 | D:4      | Reached *** piety under Lugonu
  4163 | D:4      | HP: 5/57 [poison (poison gas)]
  4164 | D:4      | HP: 1/57 [poison (poison gas)]
  4165 | D:4      | Succumbed to poison (poison gas)

Vanquished Creatures
  Grinder (D:4)
  Edmund (D:4)
  A scorpion (D:4)
  An orc wizard (D:3)
  Ijyb (D:4)
  A worker ant (D:3)
  A howler monkey skeleton (D:4)
  6 adders
  4 worms
  3 dart slugs
  A leopard gecko (D:2)
  7 orcs (D:3)
  5 giant cockroaches
  11 goblins
  6 hobgoblins
  4 jackals (D:1)
  2 quokkas (D:3)
  A ball python (D:3)
  7 bats
  6 frilled lizards
  2 gnoll zombies (D:3)
  14 kobolds
  4 rats
90 creatures vanquished.

Vanquished Creatures (others)
  2 starspawn tentacles (Abyss:1)
2 creatures vanquished.

Grand Total: 92 creatures vanquished
